 Dungeon Sprint DCSS version 0.21.1-1-g345015f (webtiles) character file.

1005 vatarom the Cleaver (level 8, -3/82 HPs)
             Began as a Hill Orc Monk on May 11, 2018.
             Was the Champion of Zin.
             Slain by a deep troll (9 damage)
             ... in the Dungeon (Sprint I: "Red Sonja").
             The game lasted 00:02:26 (564 turns).

vatarom the Cleaver (Hill Orc Monk)                  Turns: 564, Time: 00:02:26

Health: -3/82      AC:  6    Str: 14    XL:     8   Next: 20%
Magic:  9/9        EV: 13    Int: 15    God:    Zin [******]
Gold:   412        SH:  0    Dex: 15    Spells: 7/7 levels left

rFire    . . .     SeeInvis .   a - +0 hand axe
rCold    . . .     Gourm    .   (no shield)
rNeg     . . .     Faith    .   b - +0 scale mail (curse)
rPois    .         Spirit   .   (no helmet)
rElec    .         Reflect  .   (no cloak)
rCorr    .         Harm     .   (no gloves)
MR       .....     NoTele   +   (no boots)
Stlth    ++........             (no amulet)
HPRegen  0.23/turn              (no ring)
MPRegen  0.11/turn              (no ring)

@: brilliant
A: no striking features
a: Recite, Vitalisation, Imprison, Sanctuary, Donate Gold, Renounce Religion


You were in the Dungeon.
You worshipped Zin.
Zin was exalted by your worship.
You were not hungry.

You visited 1 branch You collected 594 gold pieces.
You spent 24 gold pieces at shops.
You donated 158 gold pieces to Zin.

Inventory:

Hand Weapons
 a - a +0 hand axe (weapon)
Armour
 b - a cursed +0 scale mail (worn)
 j - a +0 ring mail
Scrolls
 e - a scroll of identify {unknown}
 i - a scroll of blinking
Potions
 d - 3 potions of curing
 g - 2 potions of magic
Comestibles
 c - a ration


   Skills:
 + Level 11.3 Fighting
 + Level 14.1 Axes
 + Level 3.5 Armour
 + Level 7.0 Dodging
 + Level 5.0 Stealth
 + Level 1.8 Invocations


You had 7 spell levels left.
You didn't know any spells.

Dungeon Overview and Level Annotations

Branches:
Dungeon (1/1)

Altars:
Cheibriados
Dithmenos
Elyvilon
Fedhas
Gozag
Hepliaklqana
Kikubaaqudgha
Nemelex Xobeh
Okawaru
Qazlal
Ru
Sif Muna
Trog
Uskayaw
Vehumet
Wu Jian
Yredelemnul
Zin
The Shining One

Shops:
D *[


Message History

The deep troll is lost in a daze.
There is an entrance to Zucol Rowy's Assorted Antiques here.
e - a scroll labeled QAITSE QIOGEL Thank you for shopping at Zucol Rowy's Assorted Antiques!
You're not ready to recite again yet.
The deep troll is no longer dazed.
There is an entrance to Zucol Rowy's Assorted Antiques here.
You're not ready to recite again yet.
Your scale mail prevents you from hitting the deep troll.
The deep troll bites you!!
* * * LOW HITPOINT WARNING * * *
The deep troll claws you!
* * * LOW HITPOINT WARNING * * *
The deep troll claws you but does no damage.
You fail to use your ability.
The deep troll barely misses you. The deep troll claws you.
* * * LOW HITPOINT WARNING * * *
The deep troll claws you but does no damage.
You fail to use your ability.
The deep troll bites you!
You die...

#..#####'#####'#
#..####..#...#(#
#..#__####..##(#
#..#_____##'#_.+
#⌠⌠#_.∩.).'..._#
####_..__##_.#+#
#_____###'#
############.####+#
#∩@T......'...'$$.$
###++++####...#####
###.### #.#'#.#
#.....# #...).#
#######


You could see a deep troll.

Vanquished Creatures
  Sonja (D)
  Sigmund (D)
  A yak (D)
  An ogre (D)
  A jelly (D)
  Ijyb (D)
  3 ballistomycetes (D)
  A ballistomycete spore (D)
10 creatures vanquished.

Vanquished Creatures (others)
  A ballistomycete spore (D)
1 creature vanquished.

Grand Total: 11 creatures vanquished

Notes
Turn   | Place    | Note
-------+----------+-------------------------------------------
     0 | D        | vatarom the Hill Orc Monk began the quest for the Orb.
     0 | D        | Reached XP level 1. HP: 19/19 MP: 1/1
     1 | D        | Noticed Ijyb
    15 | D        | Killed Ijyb
    15 | D        | Reached skill level 5 in Fighting
    15 | D        | Reached skill level 5 in Axes
    15 | D        | Reached XP level 2. HP: 18/29 MP: 2/2
    15 | D        | Reached XP level 3. HP: 22/36 MP: 3/3
    55 | D        | Noticed an ogre
    61 | D        | Killed an ogre
    61 | D        | Reached skill level 8 in Axes
    61 | D        | Reached XP level 4. HP: 47/47 MP: 4/4
   105 | D        | Noticed Sigmund
   125 | D        | Killed Sigmund
   125 | D        | Reached skill level 10 in Axes
   125 | D        | Reached skill level 1 in Armour
   125 | D        | Reached skill level 5 in Dodging
   125 | D        | Reached XP level 5. HP: 38/57 MP: 5/5
   125 | D        | Reached XP level 6. HP: 42/63 MP: 6/6
   159 | D        | Found a deep blue altar of Sif Muna.
   160 | D        | Found an ornate altar of the Wu Jian Council.
   161 | D        | Found a radiant altar of Vehumet.
   166 | D        | Reached skill level 11 in Axes
   169 | D        | Found Piucirei's Armour Emporium.
   169 | D        | Found an ancient bone altar of Kikubaaqudgha.
   169 | D        | Found a stormy altar of Qazlal.
   169 | D        | Found a blossoming altar of Fedhas.
   169 | D        | Found a bloodstained altar of Trog.
   169 | D        | Found an iron altar of Okawaru.
   169 | D        | Found a glowing golden altar of the Shining One.
   169 | D        | Found a glowing silver altar of Zin.
   169 | D        | Found a white marble altar of Elyvilon.
   169 | D        | Noticed a yak
   170 | D        | Found a hazy altar of Hepliaklqana.
   170 | D        | Found a hide-covered altar of Uskayaw.
   170 | D        | Found a basalt altar of Yredelemnul.
   170 | D        | Found an opulent altar of Gozag.
   170 | D        | Found a snail-covered altar of Cheibriados.
   170 | D        | Found a sacrificial altar of Ru.
   170 | D        | Found a shadowy altar of Dithmenos.
   184 | D        | Killed a yak
   184 | D        | Reached skill level 10 in Fighting
   184 | D        | Reached skill level 12 in Axes
   184 | D        | Reached XP level 7. HP: 47/72 MP: 7/7
   185 | D        | Found a sparkling altar of Nemelex Xobeh.
   192 | D        | Became a worshipper of Zin the Law-Giver
   192 | D        | Reached * piety under Zin
   192 | D        | Reached ** piety under Zin
   192 | D        | Reached *** piety under Zin
   192 | D        | Reached **** piety under Zin
   192 | D        | Reached ***** piety under Zin
   192 | D        | Reached ****** piety under Zin
   297 | D        | Noticed Sonja
   331 | D        | Killed Sonja
   331 | D        | Reached skill level 14 in Axes
   331 | D        | Reached skill level 5 in Stealth
   331 | D        | Reached skill level 1 in Invocations
   331 | D        | Reached XP level 8. HP: 80/82 MP: 7/9
   335 | D        | Donated 140 gold pieces to Zin
   535 | D        | Noticed a deep troll
   549 | D        | Found Zucol Rowy's Assorted Antiques.
   557 | D        | Bought a scroll labeled QAITSE QIOGEL for 24 gold pieces
   564 | D        | Slain by a deep troll

Skill      XL: |  1  2  3  4  5  6  7 |
---------------+----------------------+-----
Fighting       | 5 7 9 10 11 | 11.3
Axes           | 5 8 10 12 14 | 14.1
Dodging        | 3 4 5 6 7 |  7.0
Stealth        | 2 3 4 5 |  5.0
Armour         | 1 3 |  3.5
Invocations    | 1 |  1.8

Action                   |  1- 3 |  4- 6 |  7- 9 || total
-------------------------+-------+-------+-------++-------
Melee: Hand axe          |    16 |    34 |    51 ||   101
Invok: Recite            |       |       |     2 ||     2
       Donate Gold       |       |       |     1 ||     1
  Use: Potion            |     1 |     2 |     1 ||     4
 Stab: Sleeping          |     1 |       |       ||     1
       Confused          |       |       |     1 ||     1
Armor: Robe              |     1 |       |       ||     1
       Ring mail         |       |     2 |    12 ||    14
       Scale mail        |       |       |     2 ||     2
Dodge: Dodged            |    10 |    10 |    13 ||    33
